AoeStats
← 888

Arena

504473729Analyzed
4v4 RM · 27d ago on Sep 5, 2026· 33m 57s· 8 players
Game mode
Random Map
Map size
Large (8 player)
Population
200
Speed
Normal
Resources
Standard
Victory
Conquest
Starting age
Dark Age
Ending age
Imperial Age
RankedLock teamsTeams togetherTeam positionsShared explorationLock speedFull tech treeHidden civsTurbo modeCheats
Victory
Defeat
🇨🇳 Romans · China
1225
+12
🇫🇷 Cumans · France
1217
+12
🇨🇳 Burgundians · China
1181
+14
🇩🇪 Hindustanis · Germany
1163
+15
🇦🇺 Burgundians · Australia
1218
-16
🇦🇺 Hindustanis · Australia
1180
-15
🇦🇺 Romans · Australia
1137
-13
🇦🇺 Huns · Australia
1009
-9
隔壁王老爷
2:36 Loom
11:09 Feudal Age
12:02 Double-Bit Axe
15:06 Castle Age
14:14 Loom
14:26 Double-Bit Axe
14:25 Horse Collar
17:09 Wheelbarrow
20:07 Stone Mining
22:19 Gold Mining
29:44 Bow Saw
29:26 Pikeman
32:28 Hand Cart
MyGO.Soyo
5:40 Loom
11:31 Feudal Age
14:10 Wheelbarrow
13:21 Loom
16:45 Castle Age
14:52 Double-Bit Axe
14:59 Horse Collar
16:05 Scale Mail Armor
17:51 Bow Saw
17:44 Heavy Plow
18:28 Fervor
19:02 Loom
22:38 Pikeman
28:13 Hand Cart
29:11 Forging
33:27 Imperial Age
31:55 Chain Mail Armor
32:16 Iron Casting
32:12 Squires
32:51 Gold Mining
32:52 Stone Mining
33:25 Ballistas
DER Grieche
10:50 Feudal Age
14:41 Castle Age
12:45 Double-Bit Axe
12:57 Horse Collar
16:20 Bow Saw
16:43 Heavy Plow
24:41 Gold Mining
27:51 Scale Barding Armor
27:57 Forging
28:15 Bloodlines
28:08 Husbandry
28:13 Murder Holes
29:34 Chain Barding Armor
29:37 Loom
30:27 Wheelbarrow
32:06 Iron Casting
34:59 Imperial Age
33:39 Hand Cart
888
9:10 Feudal Age
10:41 Horse Collar
19:55 Castle Age
17:42 Loom
18:56 Wheelbarrow
19:59 Double-Bit Axe
20:23 Scale Barding Armor
20:29 Forging
20:33 Bloodlines
20:42 Heavy Plow
20:54 Bow Saw
20:37 Gold Mining
22:36 Capped Ram
24:41 Chain Barding Armor
25:54 Iron Casting
33:29 Stone Mining
34:15 Gold Shaft Mining
Killed by Tony
9:26 Feudal Age
13:40 Castle Age
12:24 Double-Bit Axe
15:27 Gold Mining
30:30 Ballistics
32:37 Stone Mining
lamp
3:18 Double-Bit Axe
10:40 Feudal Age
15:29 Castle Age
14:11 Bow Saw
13:45 Horse Collar
14:42 Heavy Plow
21:13 Wheelbarrow
20:55 Gold Mining
22:48 Hand Cart
23:57 Gold Shaft Mining
23:59 Scale Barding Armor
23:28 Cavalier
29:50 Chain Barding Armor
Nick
12:30 Feudal Age
14:40 Double-Bit Axe
17:27 Castle Age
15:50 Stone Mining
16:03 Gold Mining
16:31 Fletching
19:18 Bow Saw
23:54 Ballistics
25:51 Padded Archer Armor
25:47 Bodkin Arrow
27:28 Leather Archer Armor
28:03 Wheelbarrow
30:55 Thumb Ring
johnnychallitasteam1995
11:23 Feudal Age
16:04 Castle Age
14:05 Double-Bit Axe
14:35 Horse Collar
17:43 Bow Saw
22:57 Wheelbarrow
22:56 Gold Mining
25:00 Hand Cart
30:25 Heavy Plow
31:43 Husbandry
Connection lost

Rejoining the realm…

Still unreachable

The connection could not be restored.

Session expired

The server has moved on; the page needs a fresh start.